 Dungeon Crawl Stone Soup version 0.31-a0-640-g39d97e502b (webtiles) character file.

Game seed: 2365005522850180523

1510 heikuro the Shield-Bearer (level 9, -3/69 HPs)
             Began as a Formicid Fighter on Aug 28, 2023.
             Was an Initiate of Gozag.
             Killed from afar by Erica (26 damage)
             ... with a bolt of poison
             ... on level 8 of the Dungeon on Aug 29, 2023.
             The game lasted 00:18:12 (5992 turns).

heikuro the Shield-Bearer (Formicid Fighter)        Turns: 5992, Time: 00:18:13

Health: -3/69      AC:  8    Str: 35    XL:     9   Next: 9%
Magic:  13/13      EV: 10    Int: 10    God:    Gozag
Gold:   655        SH: 11    Dex: 13    Spells: 9/14 levels left

rFire   . . .        a - +0 quarterstaff
rCold   . . .        c - +0 buckler
rNeg    . . .        b - +0 scale mail
rPois   .            (helmet unavailable)
rElec   .            h - +0 cloak
rCorr   .            (no gloves)
SInv    +            (no boots)
Will    .....        s - amulet of reflection Stlth
                     p - +6 ring of strength
HPRegen 0.31/turn    m - +6 ring of strength
MPRegen 0.13/turn

%: reflection
@: lethally poisoned (-3 -> -18)
A: permanent stasis, dig shafts and tunnels, antennae 3, four strong arms
a: Dig, Shaft Self, Renounce Religion, Potion Petition, Call Merchant, Bribe
Branch


You were on level 8 of the Dungeon.
You worshipped Gozag.
Gozag was pleased with you.
You visited 1 branch of the dungeon, and saw 9 of its levels.

You collected 699 gold pieces.
You paid 44 gold pieces to Gozag.

Inventory:

Hand Weapons
 a - a +0 quarterstaff (weapon)
Missiles
 e - 7 poisoned darts (quivered)
 x - a throwing net
Armour
 b - a +0 scale mail (worn)
 c - a +0 buckler (worn)
 h - a +0 cloak (worn)
Jewellery
 m - a +6 ring of strength (right hand)
 p - a +6 ring of strength (left hand)
 s - an amulet of reflection (around neck)
 v - a ring of ice
 y - a ring of fire
 z - the ring "Vothyry" {rF+ rC++ Int+2 Dex-2 Stlth+}
   (You found it on level 5 of the Dungeon)

   [ring of protection from fire]

   Int+2:     It affects your intelligence (+2).
   Dex-2:     It affects your dexterity (-2).
   rF+:       It protects you from fire.
   rC++:      It greatly protects you from cold.
   Stlth+:    It makes you more stealthy.
 A - an amulet of the acrobat
Scrolls
 f - a scroll of butterflies {unknown}
 g - a scroll of fog {unknown}
 j - 3 scrolls of immolation {unknown}
 k - a scroll of acquirement {unknown}
 n - a scroll of enchant armour {unknown}
 u - a scroll of revelation {unknown}
 w - a scroll of poison {unknown}
 C - a scroll of enchant weapon {unknown}
Potions
 d - 5 potions of might
 i - a potion of magic
 l - a potion of brilliance
 o - 3 potions of curing
 q - a potion of attraction
 r - a potion of degeneration {unknown}
 t - 2 potions of haste {unknown}
 B - a potion of cancellation {unknown}


   Skills:
 + Level 5.9 Fighting
 + Level 5.6 Staves
 + Level 5.9 Armour
 + Level 7.1 Shields
 + Level 3.1 Spellcasting
 + Level 3.7 Earth Magic
 + Level 0.6 Poison Magic


You had 9 spell levels left.
You knew the following spells:

 Your Spells              Type           Power      Damage    Failure   Level
a - Sandblast             Erth           18%        2d7       12%         1
b - Passwall              Tmut/Erth      4%         N/A       36%         2
c - Poisonous Vapours     Pois/Air       4%         N/A       58%         2

Your spell library contained the following spells:

 Spells                   Type           Power      Damage    Failure   Level
 Cigotuvi's Dreadful Rot  Necr/Pois/Air  4%         N/A       58%         2
 Stone Arrow              Conj/Erth      10%        3d7       58%         3
 Ignite Poison            Fire/Tmut/Pois 2%         N/A       83%         3
 Mephitic Cloud           Conj/Pois/Air  2%         N/A       83%         3
 Dazzling Flash           Conj/Hex       2%         N/A       86%         3
 Volatile Blastmotes      Fire/Tloc      2%         2d10      86%         3
 Animate Armour           Summ/Erth      10%        N/A       94%         4
 Lee's Rapid Deconstruct  Erth           4%         3d5*      97%         5
 Sticky Flame             Conj/Fire      1%         2d3       99%         4
 Summon Lightning Spire   Summ/Air       1%         N/A       99%         4
 Arcjolt                  Conj/Air       0%         1d10      100%        5
 Borgnjor's Vile Clutch   Necr/Erth      2%         N/A       100%        5
 Freezing Cloud           Conj/Ice/Air   0%         6-21      100%        5
 Death Channel            Necr           0%         N/A       100%        6
 Starburst                Conj/Fire      0%         6d3       100%        6
 Ignition                 Fire           0%         3d3       100%        8
 Maxwell's Capacitive Co  Air            0%         ∞         100%        8
 Animate Dead             Necr           Unusable   N/A       N/A         4
 Vhi's Electric Charge    Tloc/Air       Unusable   N/A       N/A         4

Dungeon Overview and Level Annotations

Branches:
Dungeon (9/15)
 Temple: D:4-7         Lair: D:8-11         Orc: D:9-12

Altars:
Cheibriados
Gozag
Makhleb
Okawaru
Wu Jian
Yredelemnul

Annotations:
D:7 Dowan, Duvessa
D:8 Erica


Innate Abilities, Weirdness & Mutations

You cannot be hasted, slowed, berserked, paralysed or teleported.
You can dig through walls and to a lower floor.
You have a pair of large antennae on your head. (SInv)
Your four strong arms can wield two-handed weapons with a shield.


Message History

You are poisoned.
Erica struggles against the net.
You sock Erica!
Erica is moderately wounded.
You feel very sick.
You hit Erica.
Erica is moderately wounded.
You feel sick. Erica casts a spell at you.
Your stasis prevents you from being slowed.
Erica struggles against the net.
You hit Erica.
Erica is moderately wounded.
You feel sick.
You hit Erica.
Erica is heavily wounded.
You feel sick.
Erica points at you and mumbles some strange words.
The lance of force hits you!!
You are knocked back by the lance of force.
You slam into the rock wall!
Erica struggles against the net.
The net rips apart, and Erica comes free!
You barely miss Erica.
Erica is heavily wounded.
You feel sick.
You closely miss Erica.
Erica is heavily wounded.
You feel sick. You block Erica's attack.
You hit Erica.
Erica is heavily wounded.
You feel sick. Erica barely misses you.
You thump Erica!
Erica is severely wounded.
You feel sick. Erica gestures at you while chanting.
The bolt of poison hits you!!
You are more poisoned.
You die...
Erica begins laughing uncontrollably.
Your body crumbles into a pile of gold.

#.#..........
######.#..........
#.................
#.....!...........
#.)......)........
#..........######
#########....#
$........######
........@.....#
........@#####.....
.........# ...
.......... .
..........
#........ ..[....
......~


You could see Erica (invisible).

Vanquished Creatures
  A hornet zombie (D:6)
  2 ice beasts
  A centaur (D:8)
  An ogre (D:5)
  2 phantoms
  A bullfrog (D:5)
  2 scorpions
  A howler monkey (D:6)
  2 jellies
  A hound (D:6)
  An orc priest (D:5)
  A bullfrog zombie (D:6)
  A gnoll bouda (D:5)
  A sleepcap (D:6)
  6 iguanas
  2 orc wizards
  6 gnolls (D:5)
  7 adders
  A shadow imp (D:6)
  2 white imps
  3 ufetubi
  3 worms
  9 dart slugs
  9 orcs
  2 ball pythons
  10 endoplasms
  12 giant cockroaches
  5 goblins
  13 hobgoblins
  4 quokkas
  8 bats
  7 frilled lizards
  7 kobolds
  3 rats
137 creatures vanquished.

Notes
Turn   | Place    | Note
-------+----------+-------------------------------------------
     0 | D:1      | heikuro the Formicid Fighter began the quest for the Orb.
     0 | D:1      | Reached XP level 1. HP: 18/18 MP: 1/1
    96 | D:1      | Reached XP level 2. HP: 24/24 MP: 2/2
   138 | D:1      | Found a faded altar of an unknown god.
   302 | D:1      | Reached XP level 3. HP: 29/29 MP: 3/3
  1171 | D:2      | Reached XP level 4. HP: 37/37 MP: 4/4
  1235 | D:2      | Noticed a phantom
  1256 | D:2      | Killed a phantom
  1257 | D:2      | Reached XP level 5. HP: 22/42 MP: 5/5
  1622 | D:2      | Reached skill level 5 in Shields
  2440 | D:3      | Reached XP level 6. HP: 38/48 MP: 6/6
  2745 | D:4      | Found an opulent altar of Gozag.
  2758 | D:4      | Became a worshipper of Gozag Ym Sagoz the Greedy
  2830 | D:4      | Learned a level 1 spell: Sandblast
  3114 | D:4      | Found an ornate altar of the Wu Jian Council.
  3248 | D:5      | Entered Level 5 of the Dungeon
  3339 | D:5      | Noticed an ogre
  3448 | D:5      | Reached XP level 7. HP: 46/55 MP: 6/8
  3468 | D:5      | Reached skill level 1 in Spellcasting
  3468 | D:5      | Reached skill level 1 in Earth Magic
  3722 | D:5      | Found an iron altar of Okawaru.
  3795 | D:5      | Identified the ring "Vothyry" {rF+ rC++ Int+2 Dex-2 Stlth+}
  3867 | D:5      | Reached skill level 5 in Fighting
  3867 | D:5      | Reached skill level 5 in Armour
  3867 | D:5      | Reached skill level 6 in Shields
  4142 | D:5      | Noticed a torpor snail
  4148 | D:5      | Found a snail-covered altar of Cheibriados.
  4148 | D:5      | Noticed a torpor snail
  4148 | D:5      | Noticed a torpor snail
  4215 | D:5      | Reached XP level 8. HP: 43/62 MP: 8/10
  4284 | D:5      | Found a burning altar of Makhleb.
  4420 | D:5      | Reached skill level 5 in Staves
  4804 | D:5      | Learned a level 2 spell: Passwall
  4869 | D:6      | Identified the +1 whip of Ubbom {venom, rN+}
  4997 | D:6      | Found a basalt altar of Yredelemnul.
  5187 | D:6      | Reached skill level 7 in Shields
  5219 | D:6      | Reached XP level 9. HP: 59/69 MP: 13/13
  5320 | D:6      | Learned a level 2 spell: Poisonous Vapours
  5734 | D:7      | Noticed Dowan
  5736 | D:7      | Noticed Duvessa
  5752 | D:7      | You fall into a shaft and drop 2 floors!
  5976 | D:8      | Noticed Erica
  5992 | D:8      | Killed from afar by Erica

Illustrated notes

Levels and vault maps discovered:
D:1:      shiori_arrival_elements, layout_basic,
          hellmonk_ecumenical_altar_crossroads
D:2:      minmay_door_path, layout_basic
D:3:      minmay_skewed_foursquare, layout_rooms, nicolae_houndstooth_variations
D:4:      layout_gridville, pdpol_wu_jian_five_deadly_venoms,
          nicolae_gozag_seed_capital, nrook_uturn
D:5:      layout_basic, cheibriados_altar_2, marbit_many_paths,
          okawaru_altar_gauntlet_db, hangedman_abyss_or_decor_stabs
D:6:      layout_basic, lemuel_zombie_altar_yredelemnul,
          minmay_misc_feat_nine_boxes
D:7:      layout_rooms, temple_pool_b, hangedman_decor_riveting, minmay_puff,
          uniq_duvessa, uniq_jeremiah
D:8:      layout_basic, lightli_ossuary_entry_decrepit_ruins, uniq_erica
D:9:      layout_basic, uniq_prince_ribbit1

Skill      XL: |  1  2  3  4  5  6  7  8 |
---------------+-------------------------+-----
Fighting       | 4 5 |  5.9
Staves         | 3 4 5 |  5.6
Armour         | 4 5 |  5.9
Shields        | 5 6 7 |  7.1
Spellcasting   | 1 3 |  3.1
Earth Magic    | 2 3 |  3.7
Poison Magic   | |  0.6

Action                     |  1- 3 |  4- 6 |  7- 9 || total
---------------------------+-------+-------+-------++-------
  Melee: Quarterstaff      |    93 |   187 |   226 ||   506
  Throw: Throwing net      |       |       |     1 ||     1
   Cast: Sandblast         |       |       |     9 ||     9
Ability: Shaft Self        |       |       |     1 ||     1
    Use: Scroll            |       |       |     5 ||     5
   Stab: Distracted        |       |       |     1 ||     1
 Armour: Scale mail        |    45 |    60 |    63 ||   168
  Dodge: Dodged            |    39 |    55 |    84 ||   178
  Block: Buckler           |    27 |    56 |   111 ||   194
         Reflection        |       |     1 |     2 ||     3

Table legend: (Time is in decaauts)
 A = Elapsed time spent in this place.
 B = Non-inter-level travel time spent in this place.
 C = Inter-level travel time spent in this place.
 D = Time resting spent in this place.
 E = Time spent auto-exploring this place.
 F = Levels seen in this place.
 G = Mean time per level.
                   A        B        C        D        E       F      G
               +--------+--------+--------+--------+--------+-----+--------+
         Total |   6055 |   5853 |    202 |    461 |   3319 |   9 |  672.8 |
       Dungeon |   6055 |   5853 |    202 |    461 |   3319 |   9 |  672.8 |
               +--------+--------+--------+--------+--------+-----+--------+

Top non-repeatable levels by time:
     D:5: 1602 daAuts
     D:1: 1063 daAuts
     D:2: 1047 daAuts
     D:6: 876 daAuts
     D:4: 630 daAuts
     D:3: 555 daAuts
     D:9: 179 daAuts
     D:8: 60 daAuts
     D:7: 40 daAuts
